 Dungeon Crawl Stone Soup version 0.27.0-1-g7a089689b8 (webtiles) character file.

Game seed: 5398144617297573979

1390 inmateoo the Conjurer (level 8, -6/54 HPs)
             Began as an Octopode Conjurer on Aug 6, 2021.
             Mangled by Maggie (11 damage)
             ... on level 6 of the Dungeon.
             The game lasted 00:09:36 (6833 turns).

inmateoo the Conjurer (Octopode Conjurer)           Turns: 6833, Time: 00:09:37

Health: -6/54      AC:  1    Str:  6    XL:     8   Next: 68%
Magic:  7/16       EV: 13    Int: 23    God:
Gold:   502        SH:  0    Dex: 10    Spells: 11/17 levels left

rFire    . . .     SeeInvis .   q - +3 whip
rCold    + . .     Faith    .   (no shield)
rNeg     . . .     Spirit   .   (helmet restricted)
rPois    .         Reflect  .   (no amulet)
rElec    .         Harm     .   f - ring of willpower
rCorr    .         Rampage  .   g - ring of protection from cold
Will     +++..                  s - ring of willpower
Stlth    +++.......             t - ring of willpower
HPRegen  0.18/turn              (no ring)
MPRegen  0.15/turn              (no ring)
                                (no ring)
                                (no ring)

@: no status effects
A: almost no armour, amphibious, 8 rings, camouflage 1, gelatinous body 1,
(nimble swimmer 1), tentacles
a: no special abilities


You were on level 6 of the Dungeon.
You visited 1 branch of the dungeon, and saw 6 of its levels.
You also visited: Ossuary.

You collected 567 gold pieces.
You spent 65 gold pieces at shops.

Inventory:

Hand Weapons
 q - a +3 whip (weapon)
Magical Staves
 a - a staff of fire
Jewellery
 f - a ring of willpower (left tentacle)
 g - a ring of protection from cold (right tentacle)
 s - a ring of willpower (on tentacle)
 t - a ring of willpower (on tentacle)
Scrolls
 b - 2 scrolls of enchant armour
 c - 2 scrolls of enchant weapon
 e - 3 scrolls of amnesia
 l - 2 scrolls of teleportation
 u - 2 scrolls of holy word {unknown}
Potions
 d - 10 potions of curing
 h - a potion of lignification
 i - a potion of brilliance
 j - a potion of might {unknown}
 k - 3 potions of haste {unknown}
 m - 3 potions of heal wounds
 n - a potion of flight
 o - a potion of invisibility
 p - a potion of resistance
 r - 2 potions of attraction {unknown}


   Skills:
 + Level 4.4 Fighting
 - Level 3.0 Dodging
 - Level 4.0 Stealth
 + Level 1.7 Unarmed Combat
 + Level 5.3 Spellcasting
 + Level 6.9 Conjurations
 + Level 1.8 Fire Magic
 + Level 1.7 Air Magic


You had 11 spell levels left.
You knew the following spells:

 Your Spells              Type           Power      Damage    Failure   Level
a - Magic Dart            Conj           100%       1d8       1%          1
b - Searing Ray           Conj           76%        3d6       1%          2
c - Swiftness             Air            14%        N/A       13%         3

Your spell library contained the following spells:

 Spells                   Type           Power      Damage    Failure   Level
 Shock                    Conj/Air       100%       1d9       1%          1
 Dazzling Flash           Conj/Hex       44%        N/A       7%          3
 Slow                     Hex            6%         N/A       14%         2
 Fulminant Prism          Conj/Hex       11%        3d9       22%         4
 Iskenderun's Mystic Bla  Conj/Tloc      22%        2d6       22%         4
 Call Canine Familiar     Summ           6%         N/A       26%         3
 Confusing Touch          Hex            6%         N/A       26%         3
 Portal Projectile        Hex/Tloc       12%        N/A       26%         3
 Vampiric Draining        Necr           3%         2d6       26%         3
 Airstrike                Air            7%         N/A       41%         4
 Leda's Liquefaction      Hex/Erth       3%         N/A       65%         4


Dungeon Overview and Level Annotations

Branches:
Dungeon (6/15)            Ossuary (visited)
 Temple: D:4-7

Altars:
Ashenzari
Kikubaaqudgha
Makhleb
Nemelex Xobeh
Ru

Shops:
D:4 !=[   D:6 [

Annotations:
D:6 Maggie


Innate Abilities, Weirdness & Mutations

You cannot wear most types of armour.
You are amphibious.
You can wear up to eight rings at the same time.
Your skin changes colour to match your surroundings (Stealth+).
Your rubbery body absorbs attacks. (AC +1, EV +1)
((You are camouflaged near water. (Stealth+)))
You have tentacles for arms and can constrict up to eight enemies at once.


Message History

The searing ray hits Maggie!
Maggie is lightly wounded. (Press . to maintain the ray.) Maggie gestures wildly while chanting.
Maggie attempts to bespell you! You resist with almost no effort.
The searing ray hits Maggie!
Maggie is moderately wounded.
The searing ray hits Maggie!
Maggie is heavily wounded.
Maggie mumbles some strange words.
Maggie attempts to bespell you! You resist with almost no effort.
The searing ray hits Maggie!
Maggie is severely wounded.
You finish channeling your searing ray.
Maggie hits you with a +0 scimitar of flaming!!
Maggie burns you!
Unknown command.
Casting: Searing Ray (safe; 1% risk of failure)
Confirm with . or Enter, or press ? or * to list all spells.
Aiming: Searing Ray (safe; 1% risk of failure)
Press: ? - help, Shift-Dir - straight line, f/p - Maggie
Aim: Maggie, wielding a +0 scimitar of flaming and wearing +0 acid dragon scales (severely wounded, 81% to hit)
The searing ray hits Maggie but does no damage.
Maggie is severely wounded. (Press . to maintain the ray.) Maggie hits you with a +0 scimitar of flaming!
Maggie burns you.
* * * LOW HITPOINT WARNING * * *
The searing ray hits Maggie!
Maggie is almost dead.
Maggie hits you with a +0 scimitar of flaming!
* * * LOW HITPOINT WARNING * * *
Maggie burns you.
* * * LOW HITPOINT WARNING * * *
The searing ray misses Maggie.
Maggie closely misses you.
The searing ray hits Maggie.
Maggie is almost dead.
You finish channeling your searing ray.
Maggie hits you with a +0 scimitar of flaming!
You die...

#.#.#..)#.#.######...♣♣♣...#.#
#.#.#####.#.#...##..♣♣.♣♣..###
#.#.####........#...♣...♣...##
#.#....#.##.#...#..♣♣...♣♣..##
#...............#..♣.._..♣..#.
###.####.##.#...#..♣.....♣..##
######.####.##.#...##.........###
#...........##.##...###.....###.#
.........<......@.....#######....
....(............@.#### ###.....#
#..###........#....... #......##
..............#.......# ######.#
##............#.......# #...#.#
#............####.####.##.>.#.#
#....(....... .# #.##...#.#
#........... .# #.##.∩.#.##
#....##..#.##### #..#...#...


You could see Maggie.

Vanquished Creatures
  A water moccasin (D:5)
  An ice beast (D:6)
  A necrophage (D:5)
  A black bear (D:5)
  3 ogres
  A phantom (D:5)
  A scorpion (D:4)
  A water moccasin skeleton (D:5)
  A howler monkey (D:5)
  A bullfrog skeleton (D:6)
  Jessica (D:2)
  A centaur skeleton (D:6)
  A gnoll shaman (D:5)
  2 iguanas
  An orc wizard (D:5)
  A hound skeleton (D:5)
  8 mummies (Ossuary)
  7 gnolls
  6 adders
  A shadow imp (D:6)
  An ufetubus (D:5)
  7 orcs
  13 endoplasms
  3 giant cockroaches
  7 goblins
  7 hobgoblins
  10 jackals
  5 quokkas
  11 ball pythons
  8 bats
  3 frilled lizards
  2 hobgoblin zombies (Ossuary)
  A jackal skeleton (D:4)
  7 kobolds
  4 kobold zombies (Ossuary)
  2 orc zombies (Ossuary)
  6 rats
138 creatures vanquished.

Notes
Turn   | Place    | Note
-------+----------+-------------------------------------------
     0 | D:1      | inmateoo the Octopode Conjurer began the quest for the Orb.
     0 | D:1      | Reached XP level 1. HP: 11/11 MP: 3/3
   298 | D:1      | Reached XP level 2. HP: 6/18 MP: 0/5
   492 | D:1      | Learned a level 2 spell: Searing Ray
   577 | D:1      | Found a faded altar of an unknown god.
   727 | D:1      | Reached XP level 3. HP: 16/22 MP: 0/6
   763 | D:1      | Reached skill level 1 in Fighting
  1135 | D:1      | You fall into a shaft and drop 1 floor!
  1551 | D:2      | Learned a level 3 spell: Swiftness
  1636 | D:2      | Noticed Jessica
  1640 | D:2      | Killed Jessica
  1641 | D:2      | Reached XP level 4. HP: 28/28 MP: 4/7
  2340 | D:3      | Reached XP level 5. HP: 28/34 MP: 6/9
  2911 | D:4      | Found Zoyvegg's Distillery.
  2925 | D:4      | Bought a potion of heal wounds for 65 gold pieces
  3049 | D:4      | Found a sand-covered staircase.
  3097 | Ossuary  | Entered an ossuary
  3500 | Ossuary  | Reached XP level 6. HP: 38/41 MP: 1/10
  3582 | Ossuary  | Reached skill level 5 in Conjurations
  3767 | D:4      | Found Loexur's Antique Armour Boutique.
  4220 | D:4      | Found Lagem's Jewellery Shop.
  4461 | D:4      | Found a sparkling altar of Nemelex Xobeh.
  4486 | D:4      | Reached XP level 7. HP: 39/46 MP: 3/12
  4659 | D:5      | Entered Level 5 of the Dungeon
  5010 | D:5      | Reached skill level 6 in Conjurations
  5149 | D:5      | Reached skill level 5 in Spellcasting
  5149 | D:5      | Reached XP level 8. HP: 17/54 MP: 2/15
  5786 | D:5      | Reached skill level 1 in Unarmed Combat
  5786 | D:5      | Reached skill level 1 in Fire Magic
  5786 | D:5      | Reached skill level 1 in Air Magic
  6155 | D:6      | Found a sacrificial altar of Ru.
  6184 | D:6      | Found an ancient bone altar of Kikubaaqudgha.
  6284 | D:6      | Found a broken altar of Ashenzari.
  6501 | D:6      | Found Geter's Antique Armour Emporium.
  6748 | D:6      | Found a burning altar of Makhleb.
  6748 | D:6      | Noticed a green death
  6751 | D:6      | Noticed a ynoxinul
  6751 | D:6      | Noticed a ynoxinul
  6822 | D:6      | Noticed Maggie
  6833 | D:6      | Mangled by Maggie

Illustrated notes

Levels and vault maps discovered:
D:1:      dpeg_arrival_orchard, layout_rooms,
          shapermc_ecumenical_altar_totnotflames, minmay_misc_feat_rugged,
          kennysheep_minor_cross
D:2:      layout_basic, kennysheep_generic_room_2, uniq_jessica
D:3:      layout_basic
D:4:      layout_rooms, mainiacjoe_overflow_six_doors_small, serial_shops,
          nicolae_stop_n_shop_1, nicolae_square_shop, shop,
          lightli_ossuary_entry_decrepit_ruins, minmay_quantized
D:5:      layout_loops_cross, hangedman_decor_peaks_small
D:6:      layout_basic, ashenzari_conservatory_becter,
          mainiacjoe_overflow_two_lobes, makhleb_altar_promises_db,
          nicolae_take_the_stairs, uniq_maggie

Skill      XL: |  1  2  3  4  5  6  7  8 |
---------------+-------------------------+-----
Stealth        | 3 4 |  4.0
Fighting       | 1 2 3 4 |  4.4
Dodging        | 3 |  3.0
Spellcasting   | 3 5 |  5.3
Conjurations   | 5 6 |  6.9
Unarmed Combat | 1 |  1.7
Fire Magic     | 1 |  1.8
Air Magic      | 1 |  1.7

Action                   |  1- 3 |  4- 6 |  7- 9 || total
-------------------------+-------+-------+-------++-------
Melee: Staff             |    11 |       |       ||    11
       Constrict         |    12 |    12 |     6 ||    30
       Tentacles         |     6 |     2 |     2 ||    10
       Unarmed           |     2 |       |       ||     2
       Whip              |    34 |    39 |    33 ||   106
 Cast: Magic Dart        |    49 |    43 |       ||    92
       Searing Ray       |     1 |    27 |    23 ||    51
  Use: Scroll            |     3 |     9 |     2 ||    14
 Stab: Sleeping          |     2 |     5 |     2 ||     9
       Distracted        |       |     1 |       ||     1
Armor: Skin              |     5 |     5 |     3 ||    13
Dodge: Dodged            |    38 |    33 |    42 ||   113
